 Dungeon Crawl Stone Soup version 0.28.0-53-g5a82cb258f (webtiles) character file.

Game seed: 5355080516644635296

128 HatHat the Slasher (level 4, -15/41 HPs)
             Began as a Minotaur Berserker on May 30, 2022.
             Was a Believer of Trog.
             Killed from afar by Ijyb (16 damage)
             ... with an iceblast
             ... on level 3 of the Dungeon.
             The game lasted 00:10:30 (2347 turns).

HatHat the Slasher (Minotaur Berserker)             Turns: 2347, Time: 00:10:31

Health: -15/41     AC:  3    Str: 24    XL:     4   Next: 87%
Magic:  3/3        EV: 12    Int:  4    God:    Trog [**....]
Gold:   40         SH:  0    Dex:  9    Spells: 3/3 levels left

rFire   . . .      SeeInvis .   a - +0 falchion
rCold   . . .      Faith    .   (no shield)
rNeg    . . .      Spirit   .   c - +0 leather armour
rPois   .          Reflect  .   (helmet restricted)
rElec   .          Harm     .   (no cloak)
rCorr   .          Rampage  .   (no gloves)
Will    .....                   (no boots)
Stlth   +.........              (no amulet)
HPRegen 0.13/turn               (no ring)
MPRegen 0.08/turn               (no ring)

@: no status effects
A: horns 2, retaliatory headbutt
a: Renounce Religion, Berserk, Trog's Hand


You were on level 3 of the Dungeon.
You worshipped Trog.
Trog was pleased with you.
You visited 1 branch of the dungeon, and saw 3 of its levels.

You collected 40 gold pieces.

Inventory:

Hand Weapons
 a - a +0 falchion (weapon)
Armour
 b - a +0 animal skin
 c - a +0 leather armour (worn)
Scrolls
 d - 2 scrolls of teleportation
 g - 3 scrolls of blinking
 k - a scroll of magic mapping
Potions
 e - a potion of curing {unknown}
 f - a potion of might {unknown}
 h - a potion of invisibility {unknown}
 i - a potion of mutation {unknown}
 j - a potion of heal wounds {unknown}


   Skills:
 + Level 4.5 Fighting
 * Level 5.7 Long Blades
 + Level 2.7 Armour
 + Level 2.6 Dodging
 + Level 0.3 Stealth


You had 3 spell levels left.
You didn't know any spells.
Your spell library was empty.

Dungeon Overview and Level Annotations

Branches:
Dungeon (3/15)

Altars:

Shops:
D:2 *

Annotations:
D:3 Ijyb


Innate Abilities, Weirdness & Mutations

You have a pair of horns on your head.
You reflexively headbutt those who attack you in melee.


Message History

Things that are here:
a +0 trident; an orc corpse You hit Ijyb but do no damage.
The orc closely misses you. Ijyb hits you with a +0 dagger.
You barely miss Ijyb. The orc barely misses you. Ijyb barely misses you.
The orc barely misses you.
You barely miss Ijyb. The orc hits you with a +0 club.
The orc hits you with a +0 flail. Ijyb hits you with a +0 dagger.
You hit Ijyb. You headbutt Ijyb!
Ijyb is heavily wounded.
The orc hits you with a +0 club. The orc hits you but does no damage.
Ijyb barely misses you. You furiously retaliate!
You headbutt Ijyb. You closely miss Ijyb.
Ijyb is heavily wounded.
The orc closely misses you. You furiously retaliate!
You headbutt the orc. The orc closely misses you. Ijyb barely misses you.
You hit Ijyb.
Ijyb is almost dead.
The orc hits you but does no damage. The orc hits you with a +0 flail.
Ijyb hits you with a +0 dagger.
* * * LOW HITPOINT WARNING * * *
You hit Ijyb. Your headbutt misses Ijyb.
Ijyb is almost dead.
The orc barely misses you. You furiously retaliate!
You headbutt the orc!
You kill the orc!
Trog accepts your kill. Ijyb hits you with a +0 dagger.
* * * LOW HITPOINT WARNING * * *
The orc barely misses you.
You barely miss Ijyb.
Ijyb is almost dead.
The orc hits you with a +0 flail!
* * * LOW HITPOINT WARNING * * *
Ijyb hits you but does no damage.
You completely miss the orc. You headbutt the orc!
You kill the orc!
Trog accepts your kill. Ijyb barely misses you.
Ijyb zaps a wand.
The mass of ice explodes!
The iceblast engulfs you!
You die...

#..#.##..##.# #.#.#
#..#.##..# # #....
#..#.##..# ###..
#....##.†## #..
#...##...# ##..
#>..##.#†# # #...
#...##.#.#.## #.#.
#...........####.#.
#.@.##........##.#.
#..)g####...#.##.#.
#..))......##.##..#
###..###.####....##
#..# #######..#
#..# ........#.
#..# ##########
#..# #...


You could see Ijyb.

Vanquished Creatures
  Terence (D:2)
  3 adders
  A worm (D:2)
  3 dart slugs
  6 orcs (D:3)
  4 endoplasms (D:2)
  4 giant cockroaches
  6 goblins
  8 hobgoblins
  A jackal (D:2)
  3 ball pythons
  5 bats
  4 frilled lizards (D:1)
  7 kobolds
  5 rats
61 creatures vanquished.

Notes
Turn   | Place    | Note
-------+----------+-------------------------------------------
     0 | D:1      | HatHat the Minotaur Berserker began the quest for the Orb.
     0 | D:1      | Reached XP level 1. HP: 19/19 MP: 0/0
   347 | D:1      | Reached skill level 4 in Long Blades
   347 | D:1      | Reached XP level 2. HP: 25/27 MP: 1/1
  1029 | D:2      | Reached XP level 3. HP: 29/33 MP: 2/2
  1071 | D:2      | Found Anygh's Assorted Antiques.
  1127 | D:2      | Reached ** piety under Trog
  1430 | D:2      | Reached skill level 5 in Long Blades
  1496 | D:2      | Noticed Terence
  1501 | D:2      | Killed Terence
  1502 | D:2      | Reached XP level 4. HP: 30/41 MP: 3/3
  2334 | D:3      | Noticed Ijyb
  2345 | D:3      | HP: 1/41 [orc/+0 flail (8)]
  2347 | D:3      | Killed from afar by Ijyb

Illustrated notes

Levels and vault maps discovered:
D:1:      lightli_iron_boxes, layout_loops_corners,
          chequers_ecumenical_altar_twisty
D:2:      minmay_chambers_of_twos, layout_basic, serial_shops,
          nicolae_shop_behind_doors, nicolae_figureground_sparkle, uniq_terence
D:3:      layout_loops_ring, uniq_robin, uniq_ijyb

Skill      XL: |  1  2  3 |
---------------+----------+-----
Long Blades    | 4 5 |  5.7
Fighting       | 4 |  4.5
Armour         | |  2.7
Dodging        | |  2.6
Stealth        | |  0.3

Action                   |  1- 3 |  4- 6 || total
-------------------------+-------+-------++-------
Melee: Falchion          |    69 |    48 ||   117
       Headbutt          |     8 |     8 ||    16
  Use: Scroll            |     3 |     2 ||     5
       Potion            |     2 |       ||     2
Armor: Leather armour    |    14 |    19 ||    33
       Skin              |    35 |       ||    35
Dodge: Dodged            |    46 |    36 ||    82
